 Dungeon Crawl Stone Soup version 0.31-a0-232-gb1c03b2570 (webtiles) character file.

Game seed: 13911743859571019865

1178 qw the Skirmisher (level 8, 0/68 (70) HPs)
             Began as a Minotaur Hexslinger on July 7, 2023.
             Slain by a wight
             ... wielding a +5 morningstar
              (13 damage)
             ... on level 6 of the Dungeon.
             The game lasted 00:01:42 (3966 turns).

qw the Skirmisher (Minotaur Hexslinger)             Turns: 3966, Time: 00:01:42

HP:   0/68 (70)     AC:  7    Str: 13    XL:     8   Next: 18%
MP:   8/8           EV: 16    Int: 10    God:
Gold: 1051          SH:  0    Dex: 15    Spells: 8/9 levels left

rFire   . . .        k - +0 arbalest
rCold   . . .        (shield currently unavailable)
rNeg    . . .        e - +0 ring mail
rPois   +            (helmet restricted)
rElec   .            b - +1 cloak
rCorr   .            (no gloves)
SInv    .            (no boots)
Will    .....        (no amulet)
Stlth   +            n - +5 ring of evasion
HPRegen 0.31/turn    d - ring of poison resistance
MPRegen 0.11/turn

%: no passive effects
@: lightly drained
A: horns 2, retaliatory headbutt
a: no special abilities


You were on level 6 of the Dungeon.
You visited 1 branch of the dungeon, and saw 6 of its levels.

You collected 1051 gold pieces.


Innate Abilities, Weirdness & Mutations

You have a pair of horns on your head.
You reflexively headbutt those who attack you in melee.


   Skills:
 + Level 5.6 Fighting
 - Level 9.0 Ranged Weapons
 - Level 2.4 Armour
 - Level 3.2 Dodging
 - Level 1.0 Spellcasting
 - Level 2.0 Hexes


You had 8 spell levels left.
You knew the following spells:

 Your Spells              Type           Power      Damage    Failure   Level
a - Slow                  Hex            16%        N/A       30%         1

Your spell library contained the following spells:

 Spells                   Type           Power      Damage    Failure   Level
 Inner Flame              Hex/Fire       2%         N/A       80%         3
 Portal Projectile        Hex/Tloc       4%         N/A       80%         3
 Cause Fear               Hex            2%         N/A       97%         4

Inventory:

Hand Weapons
 k - a +0 arbalest (weapon)
Armour
 b - a +1 cloak (worn)
 e - a +0 ring mail (worn)
Jewellery
 c - a ring of see invisible
 d - a ring of poison resistance (right hand)
 n - a +5 ring of evasion (left hand)
Scrolls
 a - 2 scrolls of teleportation
 m - a scroll of identify
Potions
 f - a potion of invisibility {unknown}
 g - a potion of curing
 i - 2 potions of heal wounds
 j - a potion of ambrosia {unknown}
 o - a potion of haste {unknown}

Dungeon Overview and Level Annotations

Branches:
Dungeon (6/15)
 Temple: D:4-7

Altars:
Kikubaaqudgha
Nemelex Xobeh
Ru
Zin

Shops:
D:4 :

Annotations:
D:5 2 runed translucent doors, qw's ghost, amateur GrHs


Message History

Enter note: You shoot a bolt.
The bolt barely misses the centaur.
The centaur shoots an arrow.
The arrow closely misses you.
You shoot a bolt. The bolt hits the centaur!!
The centaur is severely wounded.
The centaur shoots an arrow.
The arrow closely misses you.
The centaur shoots an arrow.
The arrow completely misses you.
The centaur shoots an arrow.
The arrow hits you!
You shoot a bolt. The bolt hits the centaur.
The centaur is severely wounded.
A wight comes into view.
It is wielding a +3 trident of freezing.
You shoot a bolt.
The bolt hits the centaur but does no damage.
The centaur is severely wounded.
A wight comes into view.
It is wielding a +3 great sword of freezing.
The centaur shoots an arrow.
The arrow hits you!
A wight comes into view. It is wielding a +5 morningstar.
You shoot a bolt. The bolt hits the centaur!
You kill the centaur!
You shoot a bolt. The bolt hits the wight!
The wight is almost destroyed.
You shoot a bolt. The bolt completely misses the wight.
The bolt closely misses the wight.
The wight misses you.
The wight hits you from afar with a +3 trident of freezing.
The wight freezes you.
You shoot a bolt. The bolt hits the wight!
The wight is heavily damaged.
The wight hits you from afar with a +3 trident of freezing!
The wight freezes you.
The wight hits you with a +3 great sword of freezing!!
The wight freezes you.
You shoot a bolt. The bolt hits the wight.
The wight is almost destroyed.
The wight misses you. You furiously retaliate!
You headbutt the wight!
You destroy the wight!
The wight hits you with a +5 morningstar!
You feel drained. The wight closely misses you.
The wight hits you with a +5 morningstar!
You die...

#...$..# ######......
......)....#
..#..........
#####...........).##
................z..##
...##...#>.....z)..>#
...#....##......@...#
.......##........#..#
........#.......## ##
................#
..............###
..)....#.#.#.##
.>.)...#.#####
.......### ####.###


You could see 2 wights.

Vanquished Creatures
  3 ogres
  2 centaurs (D:6)
  A phantom (D:4)
  A scorpion (D:4)
  A wight (D:6)
  A howler monkey (D:6)
  A jelly (D:4)
  5 hounds
  A sleepcap (D:5)
  5 iguanas
  2 orc wizards
  6 gnolls
  7 adders
  A white imp (D:5)
  An ufetubus (D:6)
  A worm (D:5)
  2 dart slugs
  13 orcs
  5 endoplasms
  A giant cockroach (D:2)
  5 goblins
  6 hobgoblins
  5 kobolds
  2 quokkas (D:1)
  9 ball pythons
  4 bats
  A frilled lizard (D:1)
  4 rats
96 creatures vanquished.

Notes
Turn   | Place    | Note
-------+----------+-------------------------------------------
     0 | D:1      | qw the Minotaur Hexslinger began the quest for the Orb.
     0 | D:1      | Reached XP level 1. HP: 16/16 MP: 1/1
     0 | D:1      | 0 ||| qw: Version: 0.3-a-46-gb1f654a
     0 | D:1      | 0 ||| qw: Game counter: 2559
     0 | D:1      | 0 ||| qw: Melee chars always use a shield: true
     0 | D:1      | 0 ||| qw: God list: Okawaru
     0 | D:1      | 0 ||| qw: Allow faded altars: false
     0 | D:1      | 0 ||| qw: Do Orc after clearing Dungeon:15 true
     0 | D:1      | 0 ||| qw: Do second Lair branch before Depths: true
     0 | D:1      | 0 ||| qw: Lair rune preference: random
     0 | D:1      | 0 ||| qw: Goals: Normal
     0 | D:1      | 0 ||| PLANNING D:1-11
   243 | D:1      | Reached skill level 3 in Ranged Weapons
   270 | D:1      | Reached XP level 2. HP: 23/23 MP: 2/2
   834 | D:1      | 834 ||| UPGRADING to +0 leather armour.
   844 | D:1      | 844 ||| DROPPING +0 robe.
   845 | D:1      | 845 ||| UPGRADING to ring of poison resistance.
   846 | D:1      | 846 ||| READING 2 scrolls labelled WOTTIYC INTONGA.
   847 | D:1      | 847 ||| READING scroll labelled DOODOM UWETIL.
   848 | D:1      | 848 ||| READING scroll labelled ASUIPY WIOJYO.
   849 | D:1      | 849 ||| DRINKING 2 inky potions.
   850 | D:1      | 850 ||| DROPPING scroll of fog.
   851 | D:1      | 851 ||| DROPPING scroll of poison.
  1023 | D:2      | Reached XP level 3. HP: 29/29 MP: 3/3
  1083 | D:2      | Reached skill level 4 in Ranged Weapons
  1248 | D:2      | 1248 ||| READING scroll labelled FAITUO MUCWURI.
  1249 | D:2      | 1249 ||| READING scroll labelled WUSAFUV JYCELUUM.
  1250 | D:2      | 1250 ||| READING scroll labelled IHUSUF MEOTTID.
  1251 | D:2      | 1251 ||| READING scroll labelled MEOSCHEIVUH.
  1541 | D:3      | Reached XP level 4. HP: 14/36 MP: 4/4
  1672 | D:3      | Reached skill level 5 in Ranged Weapons
  1879 | D:3      | Found a glowing silver altar of Zin.
  1879 | D:3      | Found a sacrificial altar of Ru.
  1879 | D:3      | Found an ancient bone altar of Kikubaaqudgha.
  2116 | D:3      | 2116 ||| UPGRADING to +0 cloak.
  2121 | D:3      | 2121 ||| UPGRADING to +0 ring mail.
  2131 | D:3      | 2131 ||| DROPPING +0 leather armour.
  2132 | D:3      | 2132 ||| UPGRADING to ring of see invisible.
  2133 | D:3      | 2133 ||| READING scroll labelled QYEGOS BIHEBER.
  2133 | D:3      | Identified a scroll of acquirement
  2133 | D:3      | 2133 ||| ACQUIRING 772 gold pieces
  2133 | D:3      | Acquired 772 gold pieces
  2148 | D:4      | Reached skill level 1 in Armour
  2148 | D:4      | Reached XP level 5. HP: 40/41 MP: 5/5
  2151 | D:4      | 2151 ||| STAIRDANCE
  2158 | D:3      | Reached skill level 3 in Fighting
  2219 | D:4      | 2219 ||| STAIRDANCE
  2266 | D:4      | 2266 ||| STAIRDANCE
  2358 | D:4      | Reached skill level 6 in Ranged Weapons
  2358 | D:4      | Reached XP level 6. HP: 30/51 MP: 6/6
  2692 | D:4      | 2692 ||| Stepping ~*~*~tactically~*~*~ (outnumbered).
  2694 | D:4      | 2694 ||| Stepping ~*~*~tactically~*~*~ (outnumbered).
  2696 | D:4      | 2696 ||| Stepping ~*~*~tactically~*~*~ (outnumbered).
  2707 | D:4      | 2707 ||| Stepping ~*~*~tactically~*~*~ (outnumbered).
  2924 | D:4      | Reached skill level 7 in Ranged Weapons
  3026 | D:4      | Found Valew's Tremendous Tomes.
  3126 | D:4      | 3126 ||| UPGRADING to +5 ring of evasion.
  3128 | D:4      | 3128 ||| UPGRADING to ring of poison resistance.
  3130 | D:4      | 3130 ||| READING scroll labelled UXIES MOECK.
  3131 | D:4      | 3131 ||| READING scroll labelled ANI WIGGORI.
  3132 | D:4      | 3132 ||| READING scroll labelled YCHONU BUC.
  3133 | D:4      | 3133 ||| READING scroll labelled CEDWAL INNIH.
  3134 | D:4      | 3134 ||| DRINKING 3 fuming blue potions.
  3163 | D:5      | Entered Level 5 of the Dungeon
  3167 | D:5      | 3167 ||| STAIRDANCE
  3202 | D:5      | Reached XP level 7. HP: 59/59 MP: 7/7
  3254 | D:5      | Found a runed translucent door.
  3260 | D:5      | Noticed qw's ghost (amateur GrHs)
  3289 | D:5      | Reached skill level 8 in Ranged Weapons
  3338 | D:5      | 3338 ||| SWAPPING to +0 arbalest.
  3339 | D:5      | 3339 ||| DROPPING +2 heavy sling.
  3421 | D:5      | Found a runed translucent door.
  3440 | D:5      | 3440 ||| FLEEEEING.
  3441 | D:5      | 3441 ||| FLEEEEING.
  3445 | D:5      | 3445 ||| FLEEEEING.
  3448 | D:5      | 3448 ||| FLEEEEING.
  3449 | D:5      | 3449 ||| FLEEEEING.
  3450 | D:5      | 3450 ||| FLEEEEING.
  3451 | D:5      | 3451 ||| FLEEEEING.
  3452 | D:5      | 3452 ||| FLEEEEING.
  3453 | D:5      | 3453 ||| FLEEEEING.
  3454 | D:5      | 3454 ||| FLEEEEING.
  3455 | D:5      | 3455 ||| FLEEEEING.
  3457 | D:5      | 3457 ||| FLEEEEING.
  3458 | D:5      | 3458 ||| FLEEEEING.
  3459 | D:5      | 3459 ||| FLEEEEING.
  3460 | D:5      | 3460 ||| FLEEEEING.
  3461 | D:5      | 3461 ||| FLEEEEING.
  3462 | D:5      | 3462 ||| FLEEEEING.
  3463 | D:5      | 3463 ||| FLEEEEING.
  3467 | D:5      | 3467 ||| FLEEEEING.
  3468 | D:5      | 3468 ||| FLEEEEING.
  3469 | D:5      | 3469 ||| FLEEEEING.
  3470 | D:5      | 3470 ||| FLEEEEING.
  3471 | D:5      | 3471 ||| FLEEEEING.
  3472 | D:5      | 3472 ||| FLEEEEING.
  3473 | D:5      | 3473 ||| FLEEEEING.
  3474 | D:5      | 3474 ||| FLEEEEING.
  3475 | D:5      | 3475 ||| FLEEEEING.
  3476 | D:5      | 3476 ||| FLEEEEING.
  3477 | D:5      | 3477 ||| FLEEEEING.
  3478 | D:5      | 3478 ||| FLEEEEING.
  3479 | D:5      | 3479 ||| FLEEEEING.
  3480 | D:5      | 3480 ||| STAIRDANCE
  3501 | D:4      | 3501 ||| DROPPING scarf of invisibility.
  3506 | D:5      | 3506 ||| STAIRDANCE
  3753 | D:5      | 3753 ||| DRINKING 2 brown potions.
  3754 | D:5      | 3754 ||| DROPPING potion of attraction.
  3835 | D:6      | Found a sparkling altar of Nemelex Xobeh.
  3928 | D:6      | Reached skill level 9 in Ranged Weapons
  3928 | D:6      | Reached XP level 8. HP: 68/68 MP: 8/8
  3930 | D:6      | Reached skill level 3 in Dodging
  3934 | D:6      | 3934 ||| READING scroll of enchant armour.
  3934 | D:6      | 3934 ||| ENCHANTING +0 cloak.
  3966 | D:6      | HP: 13/70 [wight/+5 morningstar (7)]
  3966 | D:6      | Slain by a wight

Levels and vault maps discovered:
D:1:      dpeg_arrival_line_fractal, layout_basic
D:2:      layout_basic, hex_large
D:3:      layout_basic, chequers_temple_overflow_statue_of_worship
D:4:      layout_rooms, nicolae_shop_i_like_big_books, kennysheep_generic_room_3
D:5:      layout_cave_pools, ebering_ghost_sewer_f
D:6:      minmay_polygon_palace, layout_cave_pools,
          nicolae_overflow_crystal_walls, serial_bayou_pond_d,
          hangedman_decor_slide_cut

Skill      XL: |  1  2  3  4  5  6  7  8 |
---------------+-------------------------+-----
Ranged Weapons | 3 4 5 6 7 9 |  9.0
Fighting       | 2 3 4 5 |  5.6
Armour         | 1 2 |  2.4
Dodging        | 3 |  3.2
Spellcasting   | |  1.0
Hexes          | |  2.0

Action                     |  1- 3 |  4- 6 |  7- 9 || total
---------------------------+-------+-------+-------++-------
   Fire: Sling             |   106 |   166 |    16 ||   288
         Arbalest          |       |       |    61 ||    61
    Use: Scroll            |     7 |     5 |     1 ||    13
         Potion            |     1 |     1 |     1 ||     3
 Armour: Leather armour    |     6 |     2 |       ||     8
         Ring mail         |       |    28 |     7 ||    35
  Dodge: Dodged            |    16 |    86 |    39 ||   141

Table legend:
 A = Non-vault XP
 B = Vault XP
 C = Vault XP percentage of total XP
 D = Non-vault monster count
 E = Vault monster count
 F = Vault count percentage of total count
                 A         B        C        D         E       F
            +---------+---------+-------+---------+---------+-------
      Total |    1754 |       1 |   0.1 |      95 |       1 |   1.0
            +---------+---------+-------+---------+---------+-------
        D:1 |      26 |       0 |   0.0 |      16 |       0 |   0.0
        D:2 |      59 |       0 |   0.0 |      15 |       0 |   0.0
        D:3 |     153 |       0 |   0.0 |      16 |       0 |   0.0
        D:4 |     481 |       1 |   0.2 |      23 |       1 |   4.2
        D:5 |     432 |       0 |   0.0 |      14 |       0 |   0.0
        D:6 |     603 |       0 |   0.0 |      11 |       0 |   0.0
            +---------+---------+-------+---------+---------+-------
